Unix NetHack Version 5.0.0-0 post-release - last build Jun 10 2026 00:39:30 (3ee93aec679c4c4259841fe613dc97188e26a321,branch:main).

Game began 2026-06-17 16:18:32, ended 2026-06-17 16:41:58.

Ch3Begorrah, chaotic male human Rogue

    ------
    |.....#####---------------
    |....|    #|.............|
    |....|    #->......(.....|
    |....|    #|k............|
    |....|    #---------+-----
    --.-+-   ####     # #                                ----------
      #      #  #########                                |.r(*%..r|
      #     ##        ##                                 |.r]![%rr|
      #     #         #                                  |%.m/[[r+|
      #   ###         #            -------        #######-@![!rrr*|
      #   #         ###            |..<..|        #      |.*r.%%r%|
      #   #         #       #######.......#########      |a((ro.%%|
     -.---#     ----|---    #      |.....|               ----------
     |...|#     |......-#####      -------
     |....#     |......|
     -----      --------

Ch3Begorrah the Mordor Orc  St:18/50 Dx:18 Co:14 In:9 Wi:10 Ch:12  Chaotic
Dlvl:5  $:0  HP:14(14) Pw:23(23) AC:5  HD:3 T:2248  Conf

Latest messages:
 You identify this as an identify scroll.
 The sewer rat turns to flee.
 What do you want to read? [GIRW or ?*] ?
 As you read the scroll, it disappears.
 M - an uncursed ring of teleport control.
 Your movements are now unencumbered.
 The sewer rat turns to flee.
 The rabid rat turns to flee.
 What do you want to drink? [dtvzCLN or ?*] ?
 Never mind.
 What do you want to drop? [$a-fmoqrt-wzA-HJ-OQ-Y or ?*] v
 You drop a yellow potion.
 Asidonhopo offers 100 gold pieces for your yellow potion.  Sell it? [ynaq] (n) n
 The sewer rat turns to flee.
 v - a yellow potion.
 What do you want to drink? [dtvzCLN or ?*] v
 You feel self-knowledgeable...
 The feeling subsides.
 The sewer rat turns to flee.
 What do you want to drop? [$a-fmoqrtuwzA-HJ-OQ-Y or ?*] C
 You drop a brilliant blue potion.
 Asidonhopo offers 50 gold pieces for your brilliant blue potion.  Sell it? [ynaq] (n) n
 The sewer rat turns to flee.
 The rabid rat turns to flee.
 C - a brilliant blue potion.
 The sewer rat turns to flee.
 The sewer rat turns to flee.
 The rabid rat turns to flee.
 What do you want to drink? [dtzCLN or ?*] C
 Huh, What?  Where am I?
 The sewer rat turns to flee.
 The sewer rat turns to flee.
 What do you want to drop? [$a-fmoqrtuwzABD-HJ-OQ-Y or ?*] L
 You drop a smoky potion.
 Asidonhopo offers 100 gold pieces for your smoky potion.  Sell it? [ynaq] (n) n
 The large mimic turns to flee.
 L - a smoky potion.
 The sewer rat turns to flee.
 What do you want to drink? [dtzLN or ?*] L
 You feel a little strange.
 You turn into a Mordor orc!
 The sewer rat turns to flee.
 The sewer rat turns to flee.
 The sewer rat turns to flee.
 The sewer rat turns to flee.
 The sewer rat turns to flee.
 The sewer rat turns to flee.
 Really quit without saving? [yn] (n) y
 Asidonhopo comes and takes all your possessions.
 Do you want to see what you had when you quit? [ynq] (y) q

Inventory:
 Weapons  (')')
  Y - a +0 boomerang
  b - a +1 dagger (weapon in right hand)
  E - 8 +1 daggers (at the ready)
  a - a +0 short sword (alternate weapon; not wielded)
 Armor    ('[')
  o - an uncursed +0 pair of high boots (being worn)
  U - an uncursed +0 shield of drain resistance
  c - an uncursed +1 leather armor (being worn)
 Comestibles  ('%')
  u - 2 uncursed food rations
  K - an uncursed pancake
  B - 2 uncursed tripe rations
  Q - an uncursed tin of stir fried wererat meat
 Scrolls  ('?')
  R - an uncursed scroll of create monster
  G - a blessed scroll of enchant weapon
  W - an uncursed scroll of fire
 Potions  ('!')
  t - 3 uncursed potions of healing
  z - a cursed potion of healing
  N - an uncursed potion of restore ability
  d - an uncursed potion of sickness
 Rings    ('=')
  A - a cursed ring of cold resistance (on right hand)
  X - an uncursed ring of fire resistance
  S - a cursed +1 ring of gain strength
  q - an uncursed ring of see invisible
  M - an uncursed ring of teleport control
 Wands    ('/')
  D - a wand of digging (0:3)
  V - a wand of light (0:10)
  F - a wand of speed monster (0:2)
  J - a wand of teleportation (0:5)
 Tools    ('(')
  f - an uncursed sack containing 3 items
  r - an uncursed sack containing 1 item
  H - an uncursed blindfold
  m - a cursed brass lantern
  w - an uncursed leash
  e - an uncursed lock pick
  T - an uncursed tin whistle
 Gems/Stones  ('*')
  O - an uncursed worthless piece of yellow glass

Contents of the sack:
  91 gold pieces
  a blessed scroll of scare monster
  an uncursed scroll of scare monster

Contents of the sack:
  an uncursed potion of water

Ch3Begorrah the Rogue's attributes:

Background:
 You were in male Mordor orc form.
 You were actually a Cutpurse, a level 5 male human Rogue.
 You were chaotic, nominally on a mission for Kos
 who was opposed by Issek (lawful) and Mog (neutral).
 You were right-handed.
 You were in the Dungeons of Doom, on level 5.
 You entered the dungeon 2248 turns ago.
 There was a new moon in effect when your adventure ended.

Basics:
 You had all 14 hit points.
 You had all 23 energy points (spell power).
 You had 3 hit dice.
 Your armor class was 5.
 Your wallet was empty, but
 you had 91 zorkmids stashed away in your pack.
 Autopickup was on, but temporarily disabled while inside the shop.

Final Characteristics:
 Your strength was 18/50.
 Your dexterity was 18.
 Your constitution was 14.
 Your intelligence was 9.
 Your wisdom was 10.
 Your charisma was 12.

Final Status:
 You were transformed.
 You were confused.
 You weren't hungry.
 You were unencumbered.
 You were wielding a dagger.
 You were skilled in dagger.

Final Attributes:
 You were piously aligned.
 You were cold resistant.
 Your items were protected from cold.
 You were poison resistant.
 You had infravision.
 You were stealthy.
 You were warded.
 You were polymorphed into a Mordor orc.
 You survived.

Miscellaneous:
 You didn't encounter any bones levels.
 Total elapsed playing time was 23 minutes and 25 seconds.

Major events:
 Turn
    1: Ch3Begorrah the chaotic male human Rogue entered the dungeon
 1398: attained the rank of Cutpurse (level 3)
 2248: quit

You didn't know any spells.

Skills:
 Fighting Skills
   bare handed combat [Unskilled]
   two weapon combat  [Unskilled]
   riding             [Unskilled]
 Weapon Skills
   dagger             [Skilled]
   knife              [Unskilled]
   short sword        [Basic]
   broadsword         [Unskilled]
   long sword         [Unskilled]
   two-handed sword   [Unskilled]
   saber              [Unskilled]
   club               [Unskilled]
   mace               [Unskilled]
   morning star       [Unskilled]
   flail              [Unskilled]
   hammer             [Unskilled]
   polearms           [Unskilled]
   spear              [Unskilled]
   crossbow           [Unskilled]
   dart               [Unskilled]
   shuriken           [Unskilled]
 Spellcasting Skills
   divination spells  [Unskilled]
   escape spells      [Unskilled]
   matter spells      [Unskilled]

Voluntary challenges:
 Character rerolling was not enabled.
 You followed a strict vegan diet.
 You were an atheist.
 You never genocided any monsters.
 You never polymorphed an object.
 You used no wishes.
Achievements:
 You attained the rank of Cutpurse.
 You entered a shop.

 The Dungeons of Doom: levels 1 to 9
    Level 1:
       A fountain.
    Level 2:
       An altar.
    Level 3:
       An altar.
    Level 4:
    Level 5: <- You were here.
       A general store.
    Level 6:
       A sink.
    Level 7:
       A throne, a fountain.
    Level 8:
    Level 9:


Vanquished creatures:
  a leprechaun
 an orc shaman
  a gray ooze
  a dwarf zombie
  a wererat
 an iguana
 an acid blob
  2 hobbits
  2 hobgoblins
  3 giant rats
  a gnome zombie
  3 geckos
  3 jackals
  3 foxes
  a kobold
  2 sewer rats
  5 grid bugs
  4 lichens
  4 kobold zombies
  3 newts
43 creatures vanquished.

No species were genocided or became extinct.

Goodbye Ch3Begorrah the Rogue...

You quit in The Dungeons of Doom on dungeon level 5 with 1255 points,
and 91 pieces of gold, after 2248 moves.
You were level 5 with a maximum of 36 hit points when you quit.

